 Dungeon Sprint DCSS version 0.27.1-33-g824d729ab1 (webtiles) character file.

Game seed: 3224319852937554967

301 Adenis the Chopper (level 6, -7/102 HPs)
             Began as a Troll Berserker on Dec 4, 2021.
             Was a Believer of Trog.
             Mangled by a slime creature (19 damage)
             ... in the Dungeon (Sprint I: "Red Sonja").
             The game lasted 00:01:10 (225 turns).

Adenis the Chopper (Troll Berserker)                 Turns: 225, Time: 00:01:11

Health: -7/102     AC:  4    Str: 28    XL:     6   Next: 14%
Magic:  5/5        EV: 11    Int:  3    God:    Trog [**....]
Gold:   162        SH:  0    Dex:  9    Spells: 5/5 levels left

rFire    . . .     SeeInvis .   a - +0 hand axe
rCold    . . .     Faith    .   (no shield)
rNeg     . . .     Spirit   .   j - +0 robe {Will+}
rPois    .         Reflect  .   (helmet restricted)
rElec    .         Harm     .   (no cloak)
rCorr    .         Rampage  .   (gloves unavailable)
Will     +....     NoTele   +   (boots unavailable)
Stlth    ..........             (no amulet)
HPRegen  1.27/turn              (no ring)
MPRegen  0.09/turn              (no ring)

@: berserking, very quick
A: large, unfitting armour, claws 3, regeneration 1, shaggy fur 1, tough skin 1
a: Renounce Religion, Berserk, Trog's Hand


You were in the Dungeon.
You worshipped Trog.
Trog was pleased with you.
You visited 1 branch You collected 162 gold pieces.

Inventory:

Hand Weapons
 a - a +0 hand axe (weapon)
Armour
 b - a +0 animal skin
 j - a +0 robe of willpower (worn)
Wands
 i - a wand of flame (15)
Scrolls
 h - a scroll of blinking
 k - a scroll of identify {unknown}
Potions
 c - a potion of curing
 d - a potion of heal wounds
 e - a potion of haste
 f - 2 potions of magic
 g - a potion of berserk rage
 l - 2 potions of lignification {unknown}


   Skills:
 + Level 6.5 Fighting
 + Level 7.2 Axes
 + Level 6.4 Dodging


You had 5 spell levels left.
You didn't know any spells.
Your spell library was empty.

Dungeon Overview and Level Annotations

Branches:
Dungeon (1/1)

Altars:
Makhleb
Sif Muna
Vehumet
Wu Jian
Xom
Jiyva
Lugonu


Innate Abilities, Weirdness & Mutations

You are too large for most types of armour.
You have claws for hands.
Your natural rate of healing is unusually fast.
You are covered in fur. (AC +1)
You have tough skin. (AC +1)


Message History

You feel yourself slow down.
You start resting.
HP restored.
You start waiting.
You feel yourself speed up.
k - a scroll labelled INLEAB MEUSUSI
l - 2 metallic silvery potions
There is an open door here.
You open the door.
A slime creature comes into view.
Found four altars.
The slime creature hits you!
There is an open door here.
You slash the slime creature!
The slime creature is lightly wounded.
The slime creature hits you.
You slash the slime creature!
The slime creature is moderately wounded.
The slime creature hits you.
You slash the slime creature!
The slime creature is moderately wounded.
The slime creature hits you.
You slash the slime creature!
The slime creature is heavily wounded.
You recover from your berserk rage.
The slime creature hits you!!
You slash the slime creature!
The slime creature is severely wounded.
The slime creature hits you!!
* * * LOW HITPOINT WARNING * * *
You hit the slime creature.
The slime creature is severely wounded.
The slime creature hits you!
* * * LOW HITPOINT WARNING * * *
A red film seems to cover your vision as you go berserk!
You feel yourself moving faster!
You feel mighty! The slime creature barely misses you.
You slash the slime creature!
The slime creature is almost dead.
The slime creature hits you!!
You die...

###################
#<.#..)..#.)'..#__#
#..').#..'..#..@J.+
#..#####'#####'#__#
#..# #..# #.####
#..# #### ##.# #..#
#+#_.+ #⌠⌠# +..._#
#### #_.#+# ##+


You could see a slime creature.

Vanquished Creatures
  Sigmund (D)
  An ogre (D)
  A jelly (D)
  Ijyb (D)
4 creatures vanquished.

Notes
Turn   | Place    | Note
-------+----------+-------------------------------------------
     0 | D        | Adenis the Troll Berserker began the quest for the Orb.
     0 | D        | Reached XP level 1. HP: 22/22 MP: 0/0
     2 | D        | Noticed Ijyb
    10 | D        | Killed Ijyb
    11 | D        | Reached skill level 3 in Axes
    11 | D        | Reached XP level 2. HP: 31/31 MP: 1/1
    47 | D        | Noticed an ogre
    50 | D        | Killed an ogre
    51 | D        | Reached skill level 5 in Axes
    51 | D        | Reached XP level 3. HP: 29/41 MP: 2/2
    51 | D        | Reached XP level 4. HP: 34/49 MP: 3/3
   116 | D        | Noticed Sigmund
   135 | D        | Killed Sigmund
   135 | D        | Reached ** piety under Trog
   136 | D        | Reached skill level 7 in Axes
   136 | D        | Reached XP level 5. HP: 45/59 MP: 4/4
   136 | D        | Reached XP level 6. HP: 51/67 MP: 5/5
   174 | D        | Found an ornate altar of the Wu Jian Council.
   174 | D        | Found a shimmering blue altar of Sif Muna.
   176 | D        | Found a radiant altar of Vehumet.
   216 | D        | Found a burning altar of Makhleb.
   216 | D        | Found a viscous altar of Jiyva.
   216 | D        | Found a shimmering altar of Xom.
   216 | D        | Found a corrupted altar of Lugonu.
   216 | D        | Noticed a slime creature
   225 | D        | Mangled by a slime creature

Illustrated notes

Levels and vault maps discovered:
D:        dungeon_sprint_1 [red_sonja_temple_1, red_sonja_temple_small_1]

Skill      XL: |  1  2  3  4 |
---------------+-------------+-----
Fighting       | 3 4 6 |  6.5
Axes           | 3 5 7 |  7.2
Dodging        | 3 4 6 |  6.4

Action                   |  1- 3 |  4- 6 || total
-------------------------+-------+-------++-------
Melee: Hand axe          |     8 |    19 ||    27
Invok: Berserk           |     2 |     3 ||     5
Armor: Animal skin       |     1 |       ||     1
Dodge: Dodged            |     2 |     9 ||    11
